TOP OF THE 1ST |
Grand Forks Caterpillars batting - Pitching for Belleville Bulls : RHP Yoshihide Hirata
|
Pitching: RHP Yoshihide Hirata
|
|
Batting: SHB Goro Yokoyama
|
0-0: Ball 1-0: Called Strike 1-1: Foul Ball, location: 2F 1-2: Ball 2-2: Ball 3-2: Ground out 6-3 (Groundball, 6)
|
Batting: RHB Luis Álvarez
|
0-0: Foul Ball, location: 2F 0-1: Ball 1-1: Ball 2-1: Foul Ball, location: 2F 2-2: Foul Ball, location: 2F 2-2: Strikes out swinging, 2-3 out at first.
|
Batting: LHB Richello Mabait
|
0-0: Ball 1-0: SOLO HOME RUN (Line Drive, 8RXD), Distance : 447 ft
|
Batting: RHB José Ortíz
|
0-0: Called Strike 0-1: SINGLE (Flyball, 78S)
|
Batting: RHB Lynwood Dimartínez
|
0-0: Ball 1-0: Ball 2-0: SINGLE (Flyball, 89S) José Ortíz to second Runner from 2nd tries for 3rd, SAFE, throw made to third
|
Batting: LHB Jeremy Malzahn
|
0-0: Called Strike 0-1: Ball 1-1: Foul Ball, location: 2F 1-2: Ball 2-2: Fly out, F4 (Line Drive, 4)
|
Top of the 1st over - 1 run, 3 hits, 0 errors, 2 left on base; Grand Forks 1 - Belleville 0 |
BOTTOM OF THE 1ST |
Belleville Bulls batting - Pitching for Grand Forks Caterpillars : LHP Ángel Silva
|
Pitching: LHP Ángel Silva
|
|
Batting: SHB Júlio Moreno
|
0-0: Called Strike 0-1: Foul Ball, location: 2F 0-2: Ball 1-2: Foul Ball, location: 2F 1-2: Strikes out swinging
|
Batting: RHB Manuel Vroonland
|
0-0: SINGLE (Line Drive, 34)
|
Batting: RHB Rey McSriff
|
0-0: Foul Ball, location: 2F 0-1: Ball 1-1: Ball 2-1: Foul Ball, location: 2F 2-2: Grounds into double play, 6-4-3 (Groundball, 6)
|
Bottom of the 1st over - 0 runs, 1 hit, 0 errors, 0 left on base; Grand Forks 1 - Belleville 0 |
TOP OF THE 2ND |
Grand Forks Caterpillars batting - Pitching for Belleville Bulls : RHP Yoshihide Hirata
|
Batting: LHB Félix Castellanos
|
0-0: Ball 1-0: SINGLE (Flyball, 9LS)
|
Batting: RHB Rio Clark
|
0-0: Ball 1-0: Called Strike 1-1: Ball 2-1: Ball 3-1: Called Strike 3-2: Foul Ball, location: 2F 3-2: Foul Ball, location: 2F 3-2: Strikes out swinging
|
Batting: RHB Zitomir Weich
|
0-0: Called Strike 0-1: Ball 1-1: Ball 2-1: Called Strike 2-2: Ground out 5-3 (Groundball, 2L) Félix Castellanos to second
|
Batting: SHB Goro Yokoyama
|
0-0: Called Strike 0-1: Swinging Strike 0-2: Fly out, F5 (Popup, 6S)
|
Top of the 2nd over - 0 runs, 1 hit, 0 errors, 1 left on base; Grand Forks 1 - Belleville 0 |
BOTTOM OF THE 2ND |
Belleville Bulls batting - Pitching for Grand Forks Caterpillars : LHP Ángel Silva
|
Batting: RHB Silvian Burger
|
0-0: Called Strike 0-1: Called Strike 0-2: Strikes out swinging
|
Batting: RHB Cheh Zhi
|
0-0: Ball 1-0: Called Strike 1-1: Ball 2-1: Called Strike 2-2: Strikes out swinging
|
Batting: LHB Don McGhee
|
0-0: Swinging Strike 0-1: Swinging Strike 0-2: Strikes out looking
|
Bottom of the 2nd over - 0 runs, 0 hits, 0 errors, 0 left on base; Grand Forks 1 - Belleville 0 |
TOP OF THE 3RD |
Grand Forks Caterpillars batting - Pitching for Belleville Bulls : RHP Yoshihide Hirata
|
Batting: RHB Luis Álvarez
|
0-0: Ball 1-0: Foul Ball, location: 2F 1-1: Foul Ball, location: 2F 1-2: Foul Ball, location: 2F 1-2: Foul Ball, location: 2F 1-2: Fly out, F7 (Flyball, 7)
|
Batting: LHB Richello Mabait
|
0-0: Ball 1-0: Swinging Strike 1-1: Swinging Strike 1-2: Fly out, F7 (Flyball, 7LD)
|
Batting: RHB José Ortíz
|
0-0: Called Strike 0-1: Ball 1-1: Swinging Strike 1-2: Strikes out swinging
|
Top of the 3rd over - 0 runs, 0 hits, 0 errors, 0 left on base; Grand Forks 1 - Belleville 0 |
BOTTOM OF THE 3RD |
Belleville Bulls batting - Pitching for Grand Forks Caterpillars : LHP Ángel Silva
|
Batting: RHB Eric Harvey
|
0-0: Swinging Strike 0-1: Ground out 5-3 (Groundball, 5)
|
Batting: RHB Zack McLean
|
0-0: Ball 1-0: Ball 2-0: Called Strike 2-1: Ball 3-1: Base on Balls
|
Batting: RHB Gary Goodwin
|
0-0: Grounds into double play, 6-4-3 (Groundball, 56)
|
Bottom of the 3rd over - 0 runs, 0 hits, 0 errors, 0 left on base; Grand Forks 1 - Belleville 0 |
TOP OF THE 4TH |
Grand Forks Caterpillars batting - Pitching for Belleville Bulls : RHP Yoshihide Hirata
|
Pitching: RHP Hao Che
|
|
Batting: RHB Lynwood Dimartínez
|
0-0: Called Strike 0-1: Ball 1-1: Swinging Strike 1-2: Ball 2-2: Foul Ball, location: 2F 2-2: Ball 3-2: Strikes out swinging
|
Batting: LHB Jeremy Malzahn
|
0-0: Foul Ball, location: 2F 0-1: Ball 1-1: Foul Ball, location: 2F 1-2: Ball 2-2: SINGLE (Line Drive, 9LS)
|
Batting: LHB Félix Castellanos
|
0-0: Grounds into double play, 4-6-3 (Groundball, 4)
|
Top of the 4th over - 0 runs, 1 hit, 0 errors, 0 left on base; Grand Forks 1 - Belleville 0 |
BOTTOM OF THE 4TH |
Belleville Bulls batting - Pitching for Grand Forks Caterpillars : LHP Ángel Silva
|
Batting: SHB Júlio Moreno
|
0-0: Swinging Strike 0-1: Foul Ball, location: 2F 0-2: Fly out, F9 (Flyball, 89S)
|
Batting: RHB Manuel Vroonland
|
0-0: Foul Ball, location: 2F 0-1: Foul Ball, location: 2F 0-2: Foul Ball, location: 2F 0-2: Strikes out looking
|
Batting: RHB Rey McSriff
|
0-0: Swinging Strike 0-1: Foul Ball, location: 2F 0-2: Ball 1-2: Ball 2-2: Ball 3-2: Fly out, F5 (Popup, 6S)
|
Bottom of the 4th over - 0 runs, 0 hits, 0 errors, 0 left on base; Grand Forks 1 - Belleville 0 |
TOP OF THE 5TH |
Grand Forks Caterpillars batting - Pitching for Belleville Bulls : RHP Hao Che
|
Batting: RHB Rio Clark
|
0-0: Ball 1-0: Ball 2-0: Foul Ball, location: 2F 2-1: Ball 3-1: SINGLE (Groundball, 56D)
|
Batting: RHB Zitomir Weich
|
0-0: Ball 1-0: SINGLE (Groundball, 6MD) Rio Clark to second
|
Batting: SHB Goro Yokoyama
|
0-0: Called Strike 0-1: Foul Ball, location: 2F 0-2: Ball 1-2: Ball 2-2: Ball 3-2: Fielders Choice at 2nd, 3-6 (Groundball, 34) Rio Clark to third
|
Batting: RHB Luis Álvarez
|
0-0: Called Strike 0-1: Ball 1-1: Ball Wild Pitch! Rio Clark scores Goro Yokoyama to second 2-1: Ground out 5-3 (Groundball, 56S) Goro Yokoyama to third
|
Batting: LHB Richello Mabait
|
0-0: Ball 1-0: Foul Ball, location: 2F 1-1: Foul Ball, location: 2F 1-2: Ball 2-2: Strikes out looking
|
Top of the 5th over - 1 run, 2 hits, 0 errors, 1 left on base; Grand Forks 2 - Belleville 0 |
BOTTOM OF THE 5TH |
Belleville Bulls batting - Pitching for Grand Forks Caterpillars : LHP Ángel Silva
|
Batting: RHB Silvian Burger
|
0-0: Ball 1-0: Ball 2-0: SOLO HOME RUN (Flyball, 7LD), Distance : 383 ft
|
Batting: RHB Cheh Zhi
|
0-0: Called Strike 0-1: Ball 1-1: Ball 2-1: Fly out, F9 (Flyball, 9LM)
|
Batting: LHB Don McGhee
|
0-0: Ball 1-0: Foul Ball, location: 2F 1-1: Ball 2-1: Called Strike 2-2: Foul Ball, location: 2F 2-2: Ball 3-2: Strikes out looking
|
Batting: RHB Eric Harvey
|
0-0: Ball 1-0: Ball 2-0: Called Strike 2-1: Ground out 6-3 (Groundball, 6)
|
Bottom of the 5th over - 1 run, 1 hit, 0 errors, 0 left on base; Grand Forks 2 - Belleville 1 |
TOP OF THE 6TH |
Grand Forks Caterpillars batting - Pitching for Belleville Bulls : RHP Hao Che
|
Batting: RHB José Ortíz
|
0-0: Called Strike 0-1: Ball 1-1: Called Strike 1-2: Ball 2-2: Ball 3-2: Ground out 5-3 (Groundball, 5L)
|
Batting: RHB Lynwood Dimartínez
|
0-0: Called Strike 0-1: Foul Ball, location: 2F 0-2: Ball 1-2: Fly out, F7 (Flyball, 7LS)
|
Batting: LHB Jeremy Malzahn
|
0-0: Ball 1-0: Ball 2-0: Ball 3-0: Foul Ball, location: 2F 3-1: DOUBLE (Line Drive, 9LM)
|
Batting: LHB Félix Castellanos
|
0-0: Ball 1-0: Called Strike 1-1: Swinging Strike 1-2: Strikes out looking
|
Top of the 6th over - 0 runs, 1 hit, 0 errors, 1 left on base; Grand Forks 2 - Belleville 1 |
BOTTOM OF THE 6TH |
Belleville Bulls batting - Pitching for Grand Forks Caterpillars : LHP Ángel Silva
|
Batting: RHB Zack McLean
|
0-0: Called Strike 0-1: Ball 1-1: Ball 2-1: Foul Ball, location: 2F 2-2: Foul Ball, location: 2F 2-2: Strikes out swinging
|
Batting: RHB Gary Goodwin
|
0-0: Called Strike 0-1: Ball 1-1: Called Strike 1-2: Strikes out looking
|
Batting: SHB Júlio Moreno
|
0-0: Called Strike 0-1: SINGLE (Line Drive, 9LM)
|
Batting: RHB Manuel Vroonland
|
0-0: Ball 1-0: Ground out 3-1 (Groundball, 34)
|
Bottom of the 6th over - 0 runs, 1 hit, 0 errors, 1 left on base; Grand Forks 2 - Belleville 1 |
TOP OF THE 7TH |
Grand Forks Caterpillars batting - Pitching for Belleville Bulls : RHP Hao Che
|
Batting: RHB Rio Clark
|
0-0: Called Strike 0-1: Hit by Pitch
|
Pitching: LHP Dong Zhŕo
|
|
Batting: RHB Zitomir Weich
|
0-0: Ball 1-0: Ball 2-0: Ball 3-0: Called Strike 3-1: Base on Balls Rio Clark to second
|
Batting: SHB Goro Yokoyama
|
0-0: Ball 1-0: Swinging Strike 1-1: Ball 2-1: SINGLE (Flyball, 89M) Rio Clark to third Zitomir Weich to second Runner from 3rd tries for Home, SAFE, no throw
|
Batting: RHB Luis Álvarez
|
0-0: Grounds into double play, 5-4-3 (Groundball, 5) Zitomir Weich to third
|
Batting: LHB Richello Mabait
|
0-0: Swinging Strike 0-1: Ball 1-1: Ball 2-1: Foul Ball, location: 2F 2-2: Ball 3-2: Strikes out looking
|
Top of the 7th over - 1 run, 1 hit, 0 errors, 1 left on base; Grand Forks 3 - Belleville 1 |
BOTTOM OF THE 7TH |
Belleville Bulls batting - Pitching for Grand Forks Caterpillars : LHP Ángel Silva
|
Batting: RHB Rey McSriff
|
0-0: Ball 1-0: Ball 2-0: Called Strike 2-1: SINGLE (Line Drive, 6M)
|
Batting: RHB Silvian Burger
|
0-0: Ball 1-0: Ball 2-0: Fly out, F7 (Flyball, 78S)
|
Pitching: RHP Juan Serrano
|
|
Batting: RHB Cheh Zhi
|
0-0: Called Strike 0-1: Ball 1-1: Ball 2-1: Swinging Strike 2-2: Foul Ball, location: 2F 2-2: Foul Ball, location: 2F 2-2: Foul Ball, location: 2F 2-2: Foul Ball, location: 2F 2-2: Foul Ball, location: 2F 2-2: SINGLE (Line Drive, 8LS) Rey McSriff to second
|
Batting: LHB Don McGhee
|
0-0: Ball 1-0: Called Strike 1-1: Called Strike 1-2: Ball 2-2: Fly out, F8 (Flyball, 89D)
|
Batting: RHB Eric Harvey
|
0-0: Ball 1-0: Foul Ball, location: 2F 1-1: Ball 2-1: Ball Passed Ball! Rey McSriff to third Cheh Zhi to second 3-1: Base on Balls
|
Batting: RHB Zack McLean
|
0-0: Fly out, F7 (Flyball, 7D)
|
Bottom of the 7th over - 0 runs, 2 hits, 0 errors, 3 left on base; Grand Forks 3 - Belleville 1 |
TOP OF THE 8TH |
Grand Forks Caterpillars batting - Pitching for Belleville Bulls : LHP Dong Zhŕo
|
Batting: RHB José Ortíz
|
0-0: Called Strike 0-1: Called Strike 0-2: Ball 1-2: Ball 2-2: Foul Ball, location: 2F 2-2: Strikes out swinging
|
Batting: RHB Lynwood Dimartínez
|
0-0: Ball 1-0: Called Strike 1-1: Swinging Strike 1-2: Strikes out looking
|
Batting: LHB Jeremy Malzahn
|
0-0: Called Strike 0-1: Foul Ball, location: 2F 0-2: Strikes out swinging
|
Top of the 8th over - 0 runs, 0 hits, 0 errors, 0 left on base; Grand Forks 3 - Belleville 1 |
BOTTOM OF THE 8TH |
Belleville Bulls batting - Pitching for Grand Forks Caterpillars : RHP Juan Serrano
|
Batting: RHB Gary Goodwin
|
0-0: Ball 1-0: SINGLE (Line Drive, 56D)
|
Batting: SHB Júlio Moreno
|
0-0: Ball 1-0: Swinging Strike 1-1: Foul Ball, location: 2F 1-2: Foul Ball, location: 2F 1-2: Foul Ball, location: 2F 1-2: Ball 2-2: Foul Ball, location: 2F 2-2: Ball 3-2: Strikes out swinging
|
Pitching: RHP Kenny Beck
|
|
Batting: RHB Manuel Vroonland
|
0-0: SINGLE (Line Drive, 9S) Gary Goodwin to second
|
Batting: RHB Rey McSriff
|
0-0: Called Strike 0-1: SINGLE (Line Drive, 6) Gary Goodwin to third Manuel Vroonland to second
|
Batting: RHB Silvian Burger
|
0-0: Called Strike 0-1: Foul Ball, location: 2F 0-2: Ball 1-2: Foul Ball, location: 2F 1-2: Ball 2-2: Grounds into fielders choice 3-2 (Groundball, 34) Manuel Vroonland to third Rey McSriff to second
|
Batting: RHB Cheh Zhi
|
0-0: Called Strike 0-1: Foul Ball, location: 2F 0-2: Strikes out swinging
|
Bottom of the 8th over - 0 runs, 3 hits, 0 errors, 3 left on base; Grand Forks 3 - Belleville 1 |
TOP OF THE 9TH |
Grand Forks Caterpillars batting - Pitching for Belleville Bulls : LHP Dong Zhŕo
|
Batting: LHB Félix Castellanos
|
0-0: Ball 1-0: Ball 2-0: Foul Ball, location: 2F 2-1: Ball 3-1: Called Strike 3-2: Strikes out looking
|
Pitching: RHP Jorge Moreno
|
|
Batting: RHB Rio Clark
|
0-0: Called Strike 0-1: Ground out 5-3 (Groundball, 56)
|
Batting: RHB Zitomir Weich
|
0-0: Ball 1-0: Ball 2-0: Ground out 4-3 (Groundball, 4)
|
Top of the 9th over - 0 runs, 0 hits, 0 errors, 0 left on base; Grand Forks 3 - Belleville 1 |
BOTTOM OF THE 9TH |
Belleville Bulls batting - Pitching for Grand Forks Caterpillars : RHP Kenny Beck
|
Pitching: RHP Ricardo Covarrubias
|
|
Batting: LHB Don McGhee
|
0-0: Called Strike 0-1: Swinging Strike 0-2: Foul Ball, location: 2F 0-2: Foul Ball, location: 2F 0-2: Ball 1-2: Foul Ball, location: 2F 1-2: Ball 2-2: Strikes out looking
|
Batting: RHB Eric Harvey
|
0-0: Ball 1-0: Ball 2-0: Foul Ball, location: 2F 2-1: Foul Ball, location: 2F 2-2: Strikes out looking
|
Batting: RHB Zack McLean
|
0-0: Foul Ball, location: 2F 0-1: Ball 1-1: Ball 2-1: Foul Ball, location: 2F 2-2: Strikes out swinging
|
Bottom of the 9th over - 0 runs, 0 hits, 0 errors, 0 left on base; Grand Forks 3 - Belleville 1 |
|